 Dungeon Crawl Stone Soup version 0.20.0-10-g0535bb4 (webtiles) character file.

516688 Norfair the Slayer (level 24, -13/217 HPs)
             Began as a Demonspawn Fighter on June 3, 2017.
             Was the Champion of Okawaru.
             Killed from afar by an ancient lich (78 damage)
             ... with a lance of force
             ... on level 5 of the Vaults.
             The game lasted 02:40:22 (67507 turns).

Norfair the Slayer (Demonspawn Fighter)            Turns: 67507, Time: 02:40:26

Health: -13/217    AC: 59    Str: 32    XL:     24   Next: 51%
Magic:  31/31      EV:  8    Int: 18    God:    Okawaru [******]
Gold:   4416       SH: 10    Dex:  7    Spells: 30/31 levels left

rFire    + + .     SeeInvis +   D - +9 demon trident (pain)
rCold    + + +     Gourm    .   B - +3 warlock's mirror {reflect}
rNeg     + . .     Faith    .   l - +8 orange crystal plate armour {Archmagi, Int+3 Clar}
rPois    +         Spirit   .   (helmet unavailable)
rElec    +         Reflect  +   Z - +2 cloak {MR+}
rCorr    .         Harm     +   E - +1 pair of gloves of the Midnight Sun {*Drain rPois rC+++ Stlth+}
MR       +....     Clarity  +   t - +0 pair of boots {Stlth+}
Stlth    ..........             Y - amulet of Qaamaime {Harm *Drain rC+ Str+6 Dex-3 Slay+2}
Regen    0.5/turn               f - ring "Zenec" {Fire rElec Dex-5 SInv}
MPRegen  0.3/turn               i - +2 ring of protection

@: mighty, vulnerable, sanguine armour, very slightly contaminated
A: antennae 3, claws 1, blink, cold resistance 1, fire resistance 1, ignite
blood, negative energy resistance 1, powered by pain 2, 50% torment resistance,
flame cloud immunity, sanguine armour 3
}: 2/15 runes: barnacled, gossamer
a: Blink, Heroism, Finesse, Renounce Religion


You were on level 5 of the Vaults.
You worshipped Okawaru.
Okawaru was exalted by your worship.
You were full.

You visited 7 branches of the dungeon, and saw 41 of its levels.
You visited 1 bazaar.
You also visited: Trove and Ice Cave.

You collected 5746 gold pieces.
You spent 1330 gold pieces at shops.

Inventory:

Hand Weapons
 D - a +9 demon trident of pain (weapon)
 M - a +1 demon trident of freezing
 S - a +0 blowgun
Missiles
 T - 7 curare-tipped needles
Armour
 l - the +8 orange crystal plate armour (worn) {Archmagi, Int+3 Clar}
   (You found it in a treasure trove)

   It affects your intelligence (+3).
   It protects you against confusion.
 s - a scarf of resistance
 t - a +0 pair of boots of stealth (worn)
 B - the +3 warlock's mirror (worn) {reflect}
   (You found it in a treasure trove)
 E - the +1 pair of gloves of the Midnight Sun (worn) {*Drain rPois rC+++ Stlth+}
   (You bought it in a shop on level 2 of the Orcish Mines)

   It renders you almost immune to cold.
   It protects you from poison.
   It causes draining when unequipped.
   It makes you more stealthy.
 Q - a +2 shield of reflection
 Z - a +2 cloak of magic resistance (worn)
Jewellery
 f - the ring "Zenec" (left hand) {Fire rElec Dex-5 SInv}
   (You found it in a treasure trove)

   [ring of fire]

   It enhances your fire magic.
   It affects your dexterity (-5).
   It protects you from fire.
   It makes you vulnerable to cold.
   It insulates you from electricity.
   It lets you see invisible.
 i - a +2 ring of protection (right hand)
 n - the amulet "Ceac" {Spirit rN+ MP+9}
   (You took it off a deep elf sorcerer on level 5 of the Depths)

   [amulet of guardian spirit]

   It causes incoming damage to be split between your health and magic.
   It protects you from negative energy.
   It affects your magic capacity (+9).
 L - an uncursed ring of protection from fire
 Y - the amulet of Qaamaime (around neck) {Harm *Drain rC+ Str+6 Dex-3 Slay+2}
   (You found it in a treasure trove)

   [amulet of harm]

   It increases damage dealt and taken.
   It affects your strength (+6).
   It affects your dexterity (-3).
   It affects your accuracy and damage with ranged weapons and melee attacks
   (+2).
   It protects you from cold.
   It causes draining when unequipped.
Wands
 b - a wand of iceblast (6/15)
 c - a wand of clouds (1/9)
 g - a wand of digging (11/24)
 p - a wand of disintegration (7/24)
 q - a wand of digging (13/24)
 w - a wand of acid (5/15)
Scrolls
 a - 2 scrolls of fear
 m - a scroll of teleportation
 o - a scroll of amnesia
 r - 4 scrolls of recharging
 v - a scroll of blinking
 x - a scroll of brand weapon
 y - 3 scrolls of enchant armour
 z - 4 scrolls of enchant weapon
 F - 16 scrolls of identify
 I - 14 scrolls of remove curse
 N - 10 scrolls of fog
Potions
 d - a potion of might
 e - 5 potions of ambrosia
 j - 4 potions of haste
 k - 8 potions of brilliance
 C - 11 potions of curing
 G - 2 potions of resistance
 P - a potion of mutation
 V - a potion of invisibility
 W - a potion of heal wounds
 X - 3 potions of magic
Miscellaneous
 R - a phantom mirror
Comestibles
 h - 23 royal jellies
 u - 20 meat rations
 A - 43 fruits
 K - 3 bread rations


   Skills:
 + Level 24.1 Fighting
 - Level 14.4 Polearms
 + Level 22.6 Armour
 - Level 15.0 Shields
 - Level 4.0 Spellcasting
 - Level 11.0 Necromancy
 - Level 10.7 Invocations
 - Level 3.0 Evocations


You had 30 spell levels left.
You knew the following spells:

 Your Spells              Type           Power        Failure   Level  Hunger
a - Pain                  Necr           ####         1%          1    None


Dungeon Overview and Level Annotations

Branches:
Dungeon (15/15)            Temple (0/1) D:6            Lair (6/6) D:8
 Shoals (4/4) Lair:2       Spider (4/4) Lair:2        Slime (0/5) Lair:5
    Orc (2/2) D:9             Elf (0/3) Orc:2        Vaults (5/5) D:14
  Crypt (0/3) Vaults:2     Depths (5/5) D:15            Zot (0/5) Depths:5

Altars:
Ashenzari
Cheibriados
Dithmenos
Elyvilon
Hepliaklqana
Kikubaaqudgha
Makhleb
Okawaru
Ru
Trog
Vehumet
Xom
Zin
The Shining One
Beogh
Lugonu

Shops:
D:4 :(   D:11 }   D:15 }   Orc:1 *   Orc:2 *:[*   Vaults:5 ?   Depths:2 *

Portals:
Hell: Depths:1 Depths:2 Depths:3 Depths:4 Depths:5
Abyss: Depths:2 Depths:3 Depths:4
Pandemonium: Depths:3
Ziggurat: Depths:2

Annotations:
Lair:4 exclusion: oklob plant
Depths:4 exclusion: 2 orange crystal statues


Innate Abilities, Weirdness & Mutations

You have a pair of large antennae on your head. (SInv)
Your flesh is heat resistant. (rF+)
Your demonic aura causes spilled blood to erupt in flames.
You resist negative energy. (rN+)
You sometimes gain power by taking damage.
You are somewhat able to resist unholy torments (1 in 2 success).
You are immune to clouds of flame.
When seriously injured, your bleeding wounds create very thick armour. (AC +12)
You have sharp fingernails.
You can translocate small distances at will.
Your flesh is cold resistant. (rC+)


Message History

You kill the deep elf sorcerer!
Okawaru accepts your kill.
Attack whom?
Press: ? - help, Dir - move target cursor, f - ogre mage
Aim: an ogre mage, wielding a club and wearing a robe (flame, moderately wounded, slightly transparent)
You reach to attack!
You impale the ogre mage!!
The ogre mage writhes in agony.
The ogre mage is almost dead.
The ogre mage is engulfed in blazing flames.
You kill the ogre mage!
Okawaru accepts your kill.
Attack whom?
Press: ? - help, Dir - move target cursor, f - ironheart preserver
Aim: an ironheart preserver, wielding a morningstar and wearing a leather armour (moderately wounded)
You reach to attack!
You puncture the ironheart preserver!
The ironheart preserver writhes in agony.
The ironheart preserver is heavily wounded.
The ancient lich is engulfed in blazing flames.
The ancient lich points at you and mumbles some strange words.
The lance of force hits you!
You die...

#.)....................#
#.....................#
##.....................#
#.....).#######........#
#...(...#########.......##
#......###.....###((.....#
#......##...)...§#p§.....#
.......##...∩...)§L......#
...p...##......§@#{{{...##
.......###.....###{{....#
#..O....#########{){{...#
#........#######{.{{...##
#....OD...)){{{{{{{...##
#....p...W{{.{{....C..#
#..e.p)Cc.{..{{{(......#
.2CCp..9.u..............#
.u.9)p...........#####...#


You could see an ironheart preserver and an ancient lich.

Vanquished Creatures
  An ancient lich (Depths:5)
  Mara (Vaults:4)
  A juggernaut (Depths:5)
  Saint Roka (Vaults:4)
  2 golden dragons
  4 liches
  Jorgrun (Vaults:4)
  7 tentacled monstrosities
  Frances (D:12)
  A quicksilver dragon (Vaults:5)
  3 storm dragons
  3 shadow dragons
  3 sphinxes
  Kirke (Lair:6)
  5 tengu reavers
  7 fire giants
  A revenant (Vaults:2)
  Ilsuiw (Shoals:4)
  An iron dragon (Depths:4)
  An orc warlord (Vaults:3)
  A draconian knight (Depths:5)
  2 deep elf sorcerers
  A draconian scorcher (Depths:5)
  14 vault wardens
  6 ghost moths
  10 frost giants
  3 emperor scorpions
  The ghost of Deathclocker the Fencer, a journeyman MiFi of Okawaru (Orc:1)
  An angel (Depths:2)
  10 ironheart preservers
  A draconian stormcaller (Depths:5)
  3 entropy weavers
  A reaper (Depths:3)
  18 stone giants
  2 war gargoyles (Vaults:5)
  4 vampire knights
  21 very ugly things
  A deep elf demonologist (Vaults:5)
  A black draconian (Depths:5)
  A deep elf annihilator (Vaults:2)
  A red draconian (Depths:5)
  Azrael (Orc:2)
  A dire elephant (shapeshifter) (Depths:1)
  2 spark wasps (Spider:4)
  6 dire elephants (Lair:6)
  2 yellow draconians (Depths:5)
  13 ettins
  7 merfolk javelineers
  6 merfolk impalers
  An eidolon (Vaults:2)
  Snorg (Orc:2)
  A crystal guardian (Vaults:3)
  Fannar (D:12)
  A deep elf death mage (Vaults:2)
  8 fire dragons
  3 jiangshi (Depths:1)
  26 yaktaur captains
  Erolcha (D:9)
  21 vault guards
  8 rakshasas
  2 deep elf high priests
  11 ice dragons
  9 great orbs of eyes
  Harold (D:12)
  8 hydras
  3 catoblepae
  An anaconda (Lair:6)
  7 merfolk avatars
  2 spriggan air magi
  55 two-headed ogres
  5 merfolk aquamancers (Shoals:4)
  2 two-headed ogres (shapeshifter)
  15 ogre magi
  4 death knights
  16 centaur warriors
  Erica (D:9)
  2 satyrs
  3 dancing weapons (Depths:4)
  7 deep troll shamans
  A vampire mage (Depths:1)
  A queen ant (shapeshifter) (Depths:5)
  2 death yaks (IceCv)
  7 tengu warriors
  10 deep troll earth magi
  Urug (D:13)
  5 spriggan berserkers
  Sonja (D:10)
  A fire crab (Shoals:1)
  4 soul eaters (Depths:4)
  2 deep elf knights
  3 shadow wraiths
  4 skeletal warriors
  A death drake (shapeshifter) (Vaults:5)
  6 unseen horrors
  A sea snake (shapeshifter) (Depths:1)
  5 hell knights (Depths:3)
  8 iron trolls
  5 flayed ghosts
  2 spectral anacondas (Depths:4)
  An infernal demonspawn (Depths:3)
  15 sea snakes
  35 deep trolls
  A fire crab (shapeshifter) (Vaults:2)
  2 death drakes (Depths:4)
  4 glowing orange brains
  2 shadow demons (Depths:1)
  A spectral minotaur (Depths:4)
  4 deep elf archers
  5 wizards
  The ghost of Darkell the Ducker, a novice DsIE of Kikubaaqudgha (D:10)
  The ghost of Darkell the Chiller, a novice DsIE of Kikubaaqudgha (D:8)
  A tengu zombie (Vaults:2)
  A harpy (shapeshifter) (Vaults:1)
  6 phantasmal warriors
  16 ironbrand convokers
  5 necromancers
  15 deep elf magi
  14 orc knights
  A lindwurm (shapeshifter) (D:10)
  30 harpies
  20 orb spiders
  A mana viper (Depths:4)
  A spectral hydra (Depths:4)
  4 human zombies
  4 orc sorcerers
  34 wolf spiders
  A fire giant zombie (Vaults:2)
  72 ugly things
  A shining eye (shapeshifter) (Depths:1)
  18 fauns
  24 slime creatures
  8 cyclopes
  2 moths of wrath
  16 manticores
  A faun (shapeshifter) (Vaults:2)
  2 centaur zombies
  13 merfolk sirens
  14 elephants
  A black mamba (Lair:4)
  5 water nymphs
  A moth of wrath (shapeshifter) (Vaults:2)
  A stone giant skeleton (Vaults:2)
  13 vault sentinels
  An ice statue (IceCv)
  A torpor snail (Spider:3)
  A black mamba (shapeshifter) (Vaults:3)
  Maurice (D:9)
  4 human skeletons
  A naga mage (Depths:2)
  5 spectral swamp worms (Depths:5)
  7 spiny frogs
  A spiny frog (shapeshifter) (D:11)
  3 gargoyles (Depths:3)
  A redback zombie (D:15)
  3 freezing wraiths
  2 rime drakes (Lair:6)
  6 komodo dragons
  An efreet (D:14)
  2 kobold demonologists
  24 demonic crawlers
  A hellwing (Depths:3)
  102 yaktaurs
  3 anaconda simulacra (Depths:4)
  7 spectral merfolk (Depths:4)
  A meliai (shapeshifter) (Vaults:1)
  19 polar bears (IceCv)
  An ice devil (Depths:3)
  11 hornets
  16 trolls
  10 meliai
  24 jumping spiders
  A merfolk (shapeshifter) (Vaults:1)
  A queen bee (Spider:1)
  3 wind drakes
  36 merfolk
  A polar bear (shapeshifter) (Vaults:1)
  19 blink frogs
  Prince Ribbit (D:9)
  9 dream sheep
  2 raiju (Depths:4)
  12 snapping turtles
  A stone giant simulacrum (Vaults:2)
  A hippogriff (shapeshifter) (Vaults:1)
  11 hippogriffs
  85 redbacks
  A flying skull (Vaults:2)
  A redback (shapeshifter) (Vaults:4)
  6 shadows
  27 tarantellas
  43 yaks
  2 yaks (shapeshifter)
  3 hogs (Lair:6)
  25 water elementals
  9 wraiths
  2 basilisks
  6 air elementals
  6 vampires
  8 wyverns
  3 wyverns (shapeshifter)
  A hog (shapeshifter) (D:15)
  A basilisk (shapeshifter) (Vaults:1)
  3 vampire mosquitoes
  3 fire bats (Shoals:1)
  A neqoxec (Depths:3)
  2 hungry ghosts
  9 wargs
  Grum (D:10)
  A naga (Depths:2)
  A floating eye (shapeshifter) (Vaults:4)
  A spectral spriggan (Depths:4)
  A floating eye (Depths:4)
  4 acid dragons
  13 water moccasins
  3 spectral trolls (Depths:4)
  14 hell hounds
  8 porcupines
  2 black bears
  51 orc warriors
  2 hornet zombies
  4 ice beasts
  52 ogres
  4 eyes of draining
  5 sky beasts
  A necrophage (D:5)
  13 centaurs
  20 boggarts
  An orc skeleton (Vaults:1)
  An ogre (shapeshifter) (D:11)
  34 wolves
  10 crocodiles
  5 big kobolds
  2 yaktaur zombies (Vaults:1)
  20 bullfrogs
  A merfolk simulacrum (Depths:4)
  2 earth elementals (Depths:3)
  A water moccasin skeleton (D:5)
  7 scorpions
  3 spectral nagas (Depths:4)
  20 killer bees (Spider:1)
  22 wights
  An orc simulacrum (Vaults:1)
  3 howler monkeys
  2 spectral centaurs (Depths:4)
  A bullfrog zombie (D:8)
  2 quasits
  9 crimson imps
  2 iron imps (Depths:3)
  22 jellies
  10 hounds
  9 centaur skeletons
  29 orc priests
  2 bullfrog skeletons (D:10)
  Terence (D:3)
  6 iguanas
  31 orc wizards
  11 worker ants
  A hound skeleton (D:11)
  Robin (D:2)
  A howler monkey zombie (D:5)
  14 adders
  11 gnolls
  4 shadow imps
  15 white imps
  8 oozes
  An adder skeleton (D:4)
  3 worms
  3 dart slugs
  7 leopard geckos
  116 orcs
  A ball python (D:8)
  2 bats
  5 giant cockroaches
  21 goblins
  14 hobgoblins
  18 jackals
  22 kobolds
  2 quokkas
  6 frilled lizards
  A quokka skeleton (D:4)
  9 rats
  A plant (Lair:6)
2263 creatures vanquished.

Vanquished Creatures (others)
  A stone giant (Vaults:3)
  2 yaktaur captains
  A satyr (Shoals:2)
  A skeletal warrior (Vaults:1)
  An unseen horror (D:12)
  3 cyclopes
  A jumping spider (Spider:4)
  14 yaktaurs
  2 redbacks (Spider:4)
  A tarantella (Spider:2)
  A water elemental (Shoals:4)
  An orc warrior (D:15)
  5 centaurs
  A crimson imp (Depths:3)
  2 orc wizards
  A bush (Lair:2)
  9 fungi
  53 plants
100 creatures vanquished.

Grand Total: 2363 creatures vanquished

Notes
Turn   | Place    | Note
-------+----------+-------------------------------------------
     0 | D:1      | Norfair the Demonspawn Fighter began the quest for the Orb.
     0 | D:1      | Reached XP level 1. HP: 18/18 MP: 1/1
   207 | D:1      | Gained mutation: When seriously injured, your bleeding wounds create armour. (AC +12) [demonic ancestry]
   207 | D:1      | Reached XP level 2. HP: 24/24 MP: 2/2
   332 | D:1      | Reached XP level 3. HP: 26/29 MP: 3/3
   909 | D:2      | Gained mutation: You have a pair of small antennae on your head. [demonic ancestry]
   909 | D:2      | Reached XP level 4. HP: 26/35 MP: 4/4
  1107 | D:2      | Noticed Robin
  1126 | D:2      | Killed Robin
  1469 | D:3      | Found a shattered altar of Ashenzari.
  1578 | D:3      | Reached XP level 5. HP: 28/41 MP: 5/5
  1799 | D:3      | Reached skill level 5 in Polearms
  1944 | D:3      | Noticed Terence
  1957 | D:3      | Killed Terence
  2014 | D:3      | Found a shadowy altar of Dithmenos.
  2456 | D:3      | Gained mutation: When seriously injured, your bleeding wounds create thick armour. (AC +12) [demonic ancestry]
  2456 | D:3      | Reached XP level 6. HP: 43/47 MP: 6/6
  3014 | D:4      | Found an iron altar of Okawaru.
  3026 | D:4      | Became a worshipper of Warmaster Okawaru
  3101 | D:4      | Found Zuekamel's Book Boutique.
  3177 | D:4      | Found Cenean's Antique Weapon Shoppe.
  3611 | D:5      | Entered Level 5 of the Dungeon
  3682 | D:5      | Reached XP level 7. HP: 20/52 MP: 7/7
  3898 | D:5      | Reached * piety under Okawaru
  4762 | D:5      | Gained mutation: You sometimes gain a little power by taking damage. [demonic ancestry]
  4762 | D:5      | Reached XP level 8. HP: 36/58 MP: 8/8
  4949 | D:5      | Reached ** piety under Okawaru
  5419 | D:5      | Reached skill level 10 in Polearms
  5962 | D:6      | Found a staircase to the Ecumenical Temple.
  6458 | D:6      | Reached XP level 9. HP: 15/62 MP: 9/9
  6856 | D:7      | Found a white marble altar of Elyvilon.
  6935 | D:4      | Bought a glowing demon trident for 432 gold pieces
  6979 | D:7      | Found a sacrificial altar of Ru.
  7011 | D:7      | Got a bloodstained spear
  7016 | D:7      | Found a snail-covered altar of Cheibriados.
  7323 | D:7      | Reached *** piety under Okawaru
  7593 | D:8      | Identified the +5 spear "Aboip" {drain, Int+4} (You found it on level 7 of the Dungeon)
  7610 | D:8      | Noticed a two-headed ogre
  7610 | D:8      | Found a glowing silver altar of Zin.
  7610 | D:8      | Found an ancient bone altar of Kikubaaqudgha.
  7636 | D:8      | Killed a two-headed ogre
  7658 | D:8      | Reached **** piety under Okawaru
  7666 | D:8      | Noticed Darkell's ghost (novice DsIE)
  8013 | D:8      | Killed Darkell's ghost
  8013 | D:8      | Gained mutation: You sometimes gain power by taking damage. [demonic ancestry]
  8013 | D:8      | Reached XP level 10. HP: 25/69 MP: 10/10
  8226 | D:8      | Found a glowing golden altar of the Shining One.
  8228 | D:8      | Found a bloodstained altar of Trog.
  8228 | D:8      | Found a hazy altar of Hepliaklqana.
  8228 | D:8      | Found a radiant altar of Vehumet.
  8253 | D:8      | Found a staircase to the Lair.
  8254 | D:8      | Noticed an elephant
  8276 | D:8      | Killed an elephant
  8281 | D:8      | Reached ***** piety under Okawaru
  8614 | D:8      | Found a shimmering altar of Xom.
  8615 | D:8      | Found a shimmering altar of Xom.
  8618 | D:8      | Found a shimmering altar of Xom.
  8618 | D:8      | Found a shimmering altar of Xom.
  8634 | D:8      | Found a shimmering altar of Xom.
  8638 | D:8      | Found a shimmering altar of Xom.
  8641 | D:8      | Found a shimmering altar of Xom.
  9029 | D:9      | Noticed Maurice
  9047 | D:9      | Killed Maurice
  9447 | D:9      | Found a staircase to the Orcish Mines.
  9701 | D:9      | Found a roughly hewn altar of Beogh.
  9723 | D:9      | Reached skill level 1 in Invocations
  9753 | D:9      | Noticed Erolcha
  9767 | D:9      | Killed Erolcha
 10012 | D:9      | Noticed Prince Ribbit
 10022 | D:9      | Gained mutation: You have a pair of antennae on your head. [demonic ancestry]
 10022 | D:9      | Reached XP level 11. HP: 74/74 MP: 12/12
 10042 | D:9      | Killed Prince Ribbit
 10042 | D:9      | Reached ****** piety under Okawaru
 10112 | D:10     | Entered Level 10 of the Dungeon
 10126 | D:10     | Noticed Darkell's ghost (novice DsIE)
 10127 | D:10     | Received a gift from Okawaru
 10138 | D:10     | Killed Darkell's ghost
 10138 | D:10     | Reached skill level 4 in Fighting
 10204 | D:10     | Noticed a two-headed ogre
 10209 | D:10     | Killed a two-headed ogre
 10291 | D:10     | Noticed Grum
 10305 | D:10     | Killed Grum
 10309 | D:10     | Reached skill level 5 in Shields
 10701 | D:10     | Noticed a two-headed ogre
 10704 | D:10     | Noticed a two-headed ogre
 10705 | D:10     | Noticed a two-headed ogre
 10712 | D:10     | Killed a two-headed ogre
 10713 | D:10     | Noticed Sonja
 10716 | D:10     | Killed Sonja
 10723 | D:10     | Noticed a two-headed ogre
 10736 | D:10     | Killed a two-headed ogre
 10741 | D:10     | Reached skill level 5 in Invocations
 10939 | D:10     | Paralysed by a hornet for 1 turns
 11162 | D:10     | Killed a two-headed ogre
 11162 | D:10     | Reached skill level 5 in Fighting
 11290 | D:10     | Noticed a lindwurm
 11302 | D:10     | Killed a lindwurm
 11302 | D:10     | Reached skill level 5 in Armour
 11517 | D:10     | Received a gift from Okawaru
 11554 | D:10     | Killed a two-headed ogre
 11554 | D:10     | Reached XP level 12. HP: 40/86 MP: 16/16
 12160 | D:9      | Noticed Erica
 12163 | D:9      | Killed Erica
 12204 | Lair:1   | Entered Level 1 of the Lair of Beasts
 12266 | Lair:1   | Reached skill level 6 in Fighting
 13082 | Lair:2   | Noticed an eight-headed hydra
 13091 | Lair:2   | Killed an eight-headed hydra
 13347 | Lair:2   | Found a staircase to the Shoals.
 13890 | Lair:2   | Learned a level 1 spell: Pain
 13938 | Lair:2   | Found a hole to the Spider Nest.
 14147 | Lair:2   | Reached skill level 7 in Fighting
 14620 | Lair:3   | Received a gift from Okawaru
 14643 | Lair:3   | Reached skill level 1 in Necromancy
 15389 | Lair:3   | Noticed a seven-headed hydra
 15396 | Lair:3   | Killed a seven-headed hydra
 15396 | Lair:3   | Reached XP level 13. HP: 72/96 MP: 16/19
 16498 | Lair:4   | Found a shattered altar of Ashenzari.
 17654 | Lair:5   | Found a staircase to the Slime Pits.
 18056 | Lair:6   | Entered Level 6 of the Lair of Beasts
 18073 | Lair:6   | Reached skill level 1 in Spellcasting
 18442 | Lair:6   | Reached skill level 10 in Shields
 18485 | Lair:6   | Noticed Kirke
 18554 | Lair:6   | Killed Kirke
 18554 | Lair:6   | Received a gift from Okawaru
 18554 | Lair:6   | Reached skill level 8 in Fighting
 18554 | Lair:6   | Reached skill level 5 in Necromancy
 18554 | Lair:6   | Reached skill level 10 in Invocations
 19069 | Lair:6   | Received a gift from Okawaru
 19677 | Lair:6   | Noticed a dire elephant
 19677 | Lair:6   | Noticed a dire elephant
 19690 | Lair:6   | Killed a dire elephant
 19690 | Lair:6   | Gained mutation: You resist negative energy. (rN+) [demonic ancestry]
 19690 | Lair:6   | Reached XP level 14. HP: 83/106 MP: 19/21
 20092 | Lair:6   | Received a gift from Okawaru
 21011 | Orc:1    | Entered Level 1 of the Orcish Mines
 21011 | Orc:1    | Found a roughly hewn altar of Beogh.
 21684 | Orc:1    | Noticed Deathclocker's ghost (journeyman MiFi)
 22154 | Orc:1    | Killed Deathclocker's ghost
 22412 | Orc:1    | Found Duhuaho's General Store.
 22423 | Orc:1    | Found a roughly hewn altar of Beogh.
 22684 | Orc:2    | Entered Level 2 of the Orcish Mines
 22687 | Orc:2    | Noticed a stone giant
 22705 | Orc:2    | Killed a stone giant
 22869 | Orc:2    | Found a staircase to the Elven Halls.
 22870 | Orc:2    | Found a burning altar of Makhleb.
 22900 | Orc:2    | Reached skill level 9 in Fighting
 22914 | Orc:2    | Noticed Snorg
 22923 | Orc:2    | Noticed Azrael
 22925 | Orc:2    | Killed Snorg
 22962 | Orc:2    | Killed Azrael
 23374 | Orc:2    | Found Qoom's Assorted Antiques.
 23374 | Orc:2    | Found Umevydgha's Book Shoppe.
 23413 | Orc:2    | Received a gift from Okawaru
 23827 | Orc:2    | Gained mutation: You have a pair of large antennae on your head. (SInv) [demonic ancestry]
 23827 | Orc:2    | Reached XP level 15. HP: 63/114 MP: 23/23
 24069 | Orc:2    | Received a gift from Okawaru
 24098 | Orc:2    | Found Etyteoff's Armour Shoppe.
 24098 | Orc:2    | Found Pircheid's Assorted Antiques.
 24389 | Orc:2    | Bought a pair of ancient gloves for 361 gold pieces
 24399 | Orc:2    | Identified the +1 pair of gloves of the Midnight Sun {*Drain rPois rC+++ Stlth+} (You bought it in a shop on level 2 of the Orcish Mines)
 25016 | D:11     | Found a frozen archway.
 25025 | D:11     | Reached skill level 10 in Necromancy
 25110 | IceCv    | Entered an ice cave
 25861 | IceCv    | Noticed a frost giant
 25873 | IceCv    | Reached skill level 10 in Fighting
 25887 | IceCv    | Killed a frost giant
 25916 | IceCv    | Got a clouded marble ring
 25921 | IceCv    | Got a brightly glowing tin ring
 25922 | IceCv    | Identified the ring "Fenluac" {rC+ rN+} (You found it in an ice cave)
 25923 | IceCv    | Identified the cursed ring "Zox Fen" {Int+3 Dex-3} (You found it in an ice cave)
 26154 | D:11     | Found Wuorew's Quality Used Wands.
 26385 | D:11     | Noticed a frost giant
 26396 | D:11     | Killed a frost giant
 26609 | D:11     | Noticed a sphinx
 26634 | D:11     | Received a gift from Okawaru
 26641 | D:11     | Reached skill level 10 in Armour
 26912 | D:11     | Killed a sphinx
 27423 | D:12     | Noticed Frances
 27444 | D:12     | Killed Frances
 27806 | D:12     | Noticed Fannar
 27847 | D:12     | Killed Fannar
 27923 | D:12     | Noticed Harold
 27965 | D:12     | Killed Harold
 28104 | D:12     | Reached XP level 16. HP: 48/124 MP: 24/24
 29456 | D:13     | Noticed Urug
 29459 | D:13     | Received a gift from Okawaru
 29469 | D:13     | Killed Urug
 29469 | D:13     | Reached skill level 11 in Fighting
 30796 | D:14     | Found a gate to the Vaults.
 31027 | D:15     | Entered Level 15 of the Dungeon
 31227 | D:15     | Found Uta Ydoe's Gadget Emporium.
 31589 | D:15     | Found a staircase to the Depths.
 31597 | D:15     | Reached skill level 15 in Shields
 32256 | Spider:1 | Entered Level 1 of the Spider Nest
 32380 | Spider:1 | Reached skill level 12 in Fighting
 32463 | Spider:1 | Received a gift from Okawaru
 32955 | Spider:1 | Gained mutation: You are somewhat able to resist unholy torments (1 in 2 success). [demonic ancestry]
 32955 | Spider:1 | Reached XP level 17. HP: 77/133 MP: 25/25
 33314 | Spider:1 | Upgraded the game from 0.20.0-9-g8272e65 to 0.20.0-10-g0535bb4
 34331 | Spider:2 | Received a gift from Okawaru
 34365 | Spider:2 | Got a warped chain mail
 34366 | Spider:2 | Identified the cursed +0 chain mail of Trumpets {rF+ Str+4} (You found it on level 2 of the Spider Nest)
 35231 | Spider:2 | Reached skill level 13 in Fighting
 36688 | Spider:3 | Received a gift from Okawaru
 37150 | Spider:4 | Entered Level 4 of the Spider Nest
 37282 | Spider:4 | Reached skill level 1 in Evocations
 37830 | Spider:4 | Got a twisted scale mail
 37831 | Spider:4 | Identified the +6 scale mail of Cocytus {rPois rN+ MR+} (You found it on level 4 of the Spider Nest)
 38280 | Spider:4 | Reached skill level 14 in Fighting
 38454 | Spider:4 | Received a gift from Okawaru
 38597 | Spider:4 | Gained mutation: When seriously injured, your bleeding wounds create very thick armour. (AC +12) [demonic ancestry]
 38597 | Spider:4 | Reached XP level 18. HP: 143/146 MP: 26/26
 38672 | Spider:4 | Got a gossamer rune of Zot
 39440 | Vaults:1 | Entered Level 1 of the Vaults
 39841 | Vaults:1 | Reached skill level 15 in Fighting
 39907 | Vaults:1 | Received a gift from Okawaru
 41112 | Vaults:1 | Received a gift from Okawaru
 41327 | Vaults:1 | Reached skill level 15 in Armour
 41529 | Vaults:1 | Reached skill level 16 in Fighting
 41965 | Vaults:1 | Gained mutation: Your flesh is heat resistant. (rF+) [demonic ancestry]
 41965 | Vaults:1 | Reached XP level 19. HP: 157/157 MP: 27/27
 42186 | Vaults:2 | Received a gift from Okawaru
 42984 | Vaults:2 | Received a gift from Okawaru
 43438 | Vaults:2 | Reached skill level 17 in Fighting
 43577 | Vaults:2 | Found a gateway to a bazaar.
 43637 | Bazaar   | Entered a bazaar
 43637 | Bazaar   | Found Cucsamef's Weapon Shoppe.
 43637 | Bazaar   | Found Reogunn's Antique Weapon Shoppe.
 43637 | Bazaar   | Found Pios's Distillery.
 43639 | Bazaar   | Found Sejos's Antique Armour Emporium.
 43656 | Bazaar   | Bought a potion of might for 52 gold pieces
 43656 | Bazaar   | Bought a potion of heal wounds for 65 gold pieces
 43739 | Vaults:2 | Found a staircase to the Crypt.
 44548 | Vaults:3 | Gained mutation: You have sharp fingernails. [potion of mutation]
 44548 | Vaults:3 | Gained mutation: You evolve. [potion of mutation]
 44548 | Vaults:3 | Gained mutation: You passively map a small area around you. [potion of mutation]
 44548 | Vaults:3 | Gained mutation: You passively map the area around you. [potion of mutation]
 44726 | Vaults:3 | Gained mutation: Armour fits poorly on your strangely shaped body. [evolution]
 44791 | Vaults:3 | Received a gift from Okawaru
 44967 | Vaults:3 | Lost mutation: You passively map the area around you. [potion of mutation]
 44967 | Vaults:3 | Lost mutation: Armour fits poorly on your strangely shaped body. [potion of mutation]
 44967 | Vaults:3 | Lost mutation: You evolve. [potion of mutation]
 44967 | Vaults:3 | Lost mutation: You passively map a small area around you. [potion of mutation]
 44967 | Vaults:3 | Gained mutation: You can translocate small distances at will. [potion of mutation]
 44967 | Vaults:3 | Gained mutation: Your flesh is cold resistant. (rC+) [potion of mutation]
 45198 | Vaults:3 | Reached XP level 20. HP: 150/170 MP: 28/28
 45387 | Vaults:3 | Reached skill level 18 in Fighting
 45474 | Vaults:3 | Found a portal to a secret trove of treasure.
 45730 | Vaults:3 | Found a shimmering altar of Xom.
 45909 | Vaults:4 | Noticed Mara
 46104 | Vaults:4 | Noticed Norfair's illusion
 46117 | Vaults:4 | Killed Mara
 46167 | Vaults:4 | Noticed Saint Roka
 46898 | Vaults:3 | Received a gift from Okawaru
 47794 | Vaults:4 | Killed Saint Roka
 47802 | Vaults:4 | Noticed Jorgrun
 48339 | Vaults:4 | Killed Jorgrun
 48339 | Vaults:4 | Reached skill level 19 in Fighting
 49757 | Shoals:1 | Entered Level 1 of the Shoals
 50202 | Shoals:1 | Received a gift from Okawaru
 51123 | Shoals:2 | Gained mutation: You are immune to clouds of flame. [demonic ancestry]
 51123 | Shoals:2 | Reached XP level 21. HP: 181/181 MP: 29/29
 51233 | Shoals:2 | Found a runed door.
 52746 | Shoals:4 | Entered Level 4 of the Shoals
 52789 | Shoals:4 | Noticed Ilsuiw
 53019 | Shoals:4 | Killed Ilsuiw
 53101 | Shoals:4 | Reached skill level 20 in Fighting
 53305 | Shoals:4 | Received a gift from Okawaru
 53774 | Shoals:4 | Got a barnacled rune of Zot
 54733 | Depths:1 | Entered Level 1 of the Depths
 55023 | Depths:1 | Received a gift from Okawaru
 56888 | Depths:1 | Noticed a juggernaut
 56895 | Depths:1 | a juggernaut changed into an iron giant
 56938 | Depths:1 | Reached XP level 22. HP: 180/192 MP: 28/30
 56966 | Depths:1 | Found a gateway to Hell.
 56987 | Depths:1 | Received a gift from Okawaru
 57118 | Depths:1 | Reached skill level 21 in Fighting
 57308 | Depths:1 | Identified the Disquisition on Mutagenic Creation
 57665 | Depths:2 | Found a gateway to a ziggurat.
 57733 | Depths:2 | Found a corrupted altar of Lugonu.
 57733 | Depths:2 | Found a one-way gate to the infinite horrors of the Abyss.
 58165 | Depths:2 | Found Jesuut's Serpentskin Sales.
 58844 | Depths:2 | Found a glowing golden altar of the Shining One.
 59427 | Depths:3 | Found a shattered altar of Ashenzari.
 59512 | Depths:3 | Paralysed by a great orb of eyes for 4 turns
 59574 | Depths:3 | Received a gift from Okawaru
 59888 | Depths:3 | Paralysed by an orc sorcerer for 7 turns
 60469 | Depths:3 | Found a one-way gate leading to the halls of Pandemonium.
 60678 | Depths:3 | Paralysed by a great orb of eyes for 3 turns
 61506 | Depths:4 | Received a gift from Okawaru
 61605 | Depths:5 | Entered Level 5 of the Depths
 61810 | Depths:5 | Paralysed by a vampire knight for 7 turns
 61828 | Depths:5 | Reached skill level 22 in Fighting
 61852 | Depths:5 | Received a gift from Okawaru
 62391 | Depths:5 | Noticed a juggernaut
 62406 | Depths:5 | Killed a juggernaut
 62406 | Depths:5 | Reached XP level 23. HP: 105/203 MP: 26/31
 62797 | Depths:5 | Found a runed door.
 62871 | Depths:5 | Got a twitching steel amulet
 62872 | Depths:5 | Identified Nojeanug's Handbook of the Boosting Escort
 63248 | Depths:5 | Found a gate to the Realm of Zot.
 63735 | Depths:5 | Received a gift from Okawaru
 63901 | Depths:5 | Identified the amulet "Ceac" {Spirit rN+ MP+9} (You took it off a deep elf sorcerer on level 5 of the Depths)
 64225 | Depths:4 | Noticed an ancient lich
 64228 | Depths:5 | Paralysed by an ancient lich for 4 turns
 64256 | Depths:5 | Killed an ancient lich
 64774 | Depths:4 | Reached skill level 23 in Fighting
 66376 | Depths:4 | Received a gift from Okawaru
 66939 | Vaults:3 | You paid a toll of 14 scrolls of teleportation to enter a treasure trove
 66940 | Trove    | Entered a treasure trove
 66952 | Trove    | Got a flickering bone ring
 66953 | Trove    | Identified the ring "Zenec" {Fire rElec Dex-5 SInv} (You found it in a treasure trove)
 66959 | Trove    | Got a coiled diamond amulet
 66960 | Trove    | Identified the amulet of Qaamaime {Harm *Drain rC+ Str+6 Dex-3 Slay+2} (You found it in a treasure trove)
 66990 | Trove    | Got a scorched shield
 66991 | Trove    | Identified the +4 shield of Unambiguity {-Tele rPois Int+3} (You found it in a treasure trove)
 67113 | Vaults:3 | Gained mutation: Your demonic aura causes spilled blood to erupt in flames. [demonic ancestry]
 67113 | Vaults:3 | Reached XP level 24. HP: 215/215 MP: 31/31
 67218 | Vaults:5 | Entered Level 5 of the Vaults
 67243 | Vaults:5 | Found Genicy's Magic Scroll Shoppe.
 67285 | Vaults:5 | Bought a scroll of brand weapon for 420 gold pieces
 67407 | Vaults:5 | Noticed an ancient lich
 67448 | Vaults:5 | Received a gift from Okawaru
 67448 | Vaults:5 | Reached skill level 24 in Fighting
 67507 | Vaults:5 | Killed from afar by an ancient lich

Skill      XL: |  1  2  3  4  5  6  7  8  9 10 11 12 13 14 15 16 17 18 19 20 21 22 23 24 |
---------------+-------------------------------------------------------------------------+-----
Polearms       | 2 3 4 5 7 8 10 12 14 | 14.4
Shields        | 3 7 9 10 11 13 15 | 15.0
Invocations    | 2 6 8 10 | 10.7
Armour         | 3 5 6 7 8 10 11 13 15 16 18 19 20 22 | 22.6
Fighting       | 5 7 8 9 10 12 14 16 17 19 20 22 23 24 | 24.1
Necromancy     | 2 6 9 10 11 | 11.0
Spellcasting   | 2 4 |  4.0
Evocations     | 3 |  3.0

Action                   |  1- 3 |  4- 6 |  7- 9 | 10-12 | 13-15 | 16-18 | 19-21 | 22-24 || total
-------------------------+-------+-------+-------+-------+-------+-------+-------+-------++-------
Melee: Trident           |   171 |   342 |   351 |       |       |       |       |       ||   864
       Demon trident     |       |       |    78 |   821 |  1711 |  2533 |  2533 |  2162 ||  9838
       Spear             |       |       |    25 |       |       |       |       |       ||    25
Invok: Heroism           |       |       |     1 |    10 |     4 |     6 |     1 |       ||    22
       Finesse           |       |       |       |       |     2 |     6 |    11 |    11 ||    30
Evoke: Wand              |       |     3 |     9 |     9 |       |     3 |     4 |       ||    28
  Use: Scroll            |       |     3 |     8 |     4 |    15 |     3 |     6 |    12 ||    51
       Potion            |       |       |     8 |     5 |     7 |     6 |    15 |     7 ||    48
 Stab: Invisible         |       |       |     2 |       |       |       |       |       ||     2
       Distracted        |       |       |       |       |       |     1 |       |     1 ||     2
  Eat: Chunk             |       |    10 |     8 |    14 |    30 |    26 |    12 |     7 ||   107
       Bread ration      |       |       |     2 |     2 |     3 |     4 |     3 |     2 ||    16
       Royal jelly       |       |       |       |       |       |       |    14 |    11 ||    25
Armor: Chain mail        |    71 |   144 |   140 |       |     4 |       |       |       ||   359
       Scale mail        |     5 |       |       |       |       |       |       |       ||     5
       Plate armour      |       |       |    44 |   271 |   569 |   940 |   366 |       ||  2190
       Storm dragon scal |       |       |       |       |       |       |   413 |   578 ||   991
       Crystal plate arm |       |       |       |       |       |       |       |    83 ||    83
Dodge: Dodged            |    30 |    55 |    31 |    76 |   188 |   348 |   358 |   274 ||  1360
Block: Shield            |    72 |   127 |   130 |   245 |   608 |  1277 |  1299 |   842 ||  4600
       Reflection        |       |       |       |       |       |    39 |   177 |    57 ||   273
       Buckler           |       |       |       |       |       |       |       |    34 ||    34
